 Dungeon Crawl Stone Soup version 0.20-a0-386-g2d247ea (webtiles) character file.

454 AlphabetPasta the Chopper (level 7, 0/60 HPs)
             Began as a Ghoul Berserker on Dec 29, 2016.
             Was a Priest of Trog.
             Slain by an ogre
             ... wielding a +0 giant club
              (14 damage)
             ... on level 4 of the Dungeon.
             The game lasted 00:18:49 (2888 turns).

AlphabetPasta the Chopper (Ghoul Berserker)         Turns: 2888, Time: 00:18:50

Health: 0/60       AC:  5    Str: 20    XL:     7   Next: 5%
Magic:  6/6        EV: 12    Int:  4    God:    Trog [***...]
Gold:   200        SH:  0    Dex:  9    Spells: 6/6 levels left

rFire  . . .     SeeInvis .     a - +1 hand axe
rCold  + . .     Gourm    .     l - +0 leather armour (curse)
rNeg   + + +     Faith    .     (no shield)
rPois  ∞         Spirit   .     (no helmet)
rElec  .         Reflect  .     (no cloak)
rCorr  .         Harm     .     (no gloves)
MR     .....                    p - +1 pair of boots
Stlth  +.........               (no amulet)
                                (no ring)
                                (no ring)

@: rotting
A: rotting body, claws 1, carnivore 3, cold resistance 1, negative energy
resistance 3, slow regeneration 1, torment resistance, unbreathing
a: Trog's Hand, Burn Spellbooks, Renounce Religion


You were on level 4 of the Dungeon.
You worshipped Trog.
Trog was most pleased with you.
You were not hungry.

You visited 1 branch of the dungeon, and saw 4 of its levels.

You collected 200 gold pieces.

Inventory:

Hand Weapons
 a - a +1 hand axe (weapon)
 t - a +3 hand axe
 y - a cursed -3 hand axe
Missiles
 j - 3 silver javelins (quivered)
 k - 31 bolts
 A - 20 arrows
Armour
 b - a +0 animal skin
 l - a cursed +0 leather armour (worn)
 p - a +1 pair of boots (worn)
 v - a cursed +0 leather armour
 x - a +0 ring mail of cold resistance
Jewellery
 q - a +3 ring of strength {unknown}
 u - an uncursed ring of see invisible {unknown}
Wands
 C - a wand of flame (13/48)
Scrolls
 h - 2 scrolls of teleportation
 n - a scroll of recharging
 s - a scroll of magic mapping
Potions
 d - 2 potions of haste
 e - 3 potions of flight
 f - 3 potions of heal wounds
 i - a potion of agility {unknown}
 m - a potion of magic {unknown}
 o - 2 potions of might
 r - 4 potions of curing
 w - 2 potions of mutation {unknown}
 z - a potion of cure mutation {unknown}
 B - 2 potions of degeneration {unknown}
Comestibles
 c - 2 meat rations
 g - 3 beef jerkies


   Skills:
 + Level 4.6 Fighting
 * Level 5.0 Axes
 + Level 3.1 Armour
 + Level 3.3 Dodging


You had 6 spell levels left.
You didn't know any spells.

Dungeon Overview and Level Annotations

Branches:
Dungeon (4/15)
 Temple: D:4-7

Altars:
Elyvilon
Gozag
Hepliaklqana
Makhleb
Sif Muna
Vehumet
Zin


Innate Abilities, Weirdness & Mutations

Your body is rotting away.
You thrive on raw meat.
You are immune to poison.
You have sharp fingernails.
You are carnivorous and can eat meat at any time.
Your flesh is cold resistant. (rC+)
You are immune to negative energy. (rN+++)
You regenerate slowly when monsters are visible.
You are immune to unholy pain and torment.
You can survive without breathing.


Message History

Aim: an ogre, wielding a giant club (moderately wounded)
You throw a silver javelin. The silver javelin hits the ogre!
The ogre is severely wounded.
You barely miss the ogre.
The ogre is severely wounded.
The ogre closely misses you.
You barely miss the ogre.
The ogre is severely wounded.
The ogre hits you with a giant club!
You hit the ogre but do no damage.
The ogre is severely wounded.
The ogre hits you with a giant club!!
* * * LOW HITPOINT WARNING * * *
You are too injured to fight recklessly!
You hit the ogre but do no damage.
The ogre is severely wounded.
You hit the ogre.
The ogre is severely wounded.
The ogre hits you with a giant club!
You die...

##.# ##..
#.###....... ... ...#
#.# #.####### #.#
#..# #.# ### #.###..#
#.# #......# #(#
#......####(#####
#......#........#
#####.###..#.##O###.#
................@.#
#####.###..#.##.#.#
#.# #..#.##.#.#
#####.###..#.##.#.#
........#..#.##.#.#
#########..#.##.#.#
####.......#.#
######.....######.#
...........# #.#


You could see an ogre.

Vanquished Creatures
  2 phantoms (D:4)
  A worker ant (D:4)
  2 orc wizards (D:3)
  5 adders
  3 gnolls (D:2)
  An ooze (D:1)
  4 worms
  5 dart slugs
  4 leopard geckos
  7 orcs
  A ball python (D:1)
  10 giant cockroaches
  2 goblins
  11 hobgoblins
  6 jackals
  8 bats
  7 frilled lizards
  8 kobolds
  13 rats
100 creatures vanquished.

Notes
Turn   | Place    | Note
-------+----------+-------------------------------------------
     0 | D:1      | AlphabetPasta the Ghoul Berserker began the quest for the Orb.
     0 | D:1      | Reached XP level 1. HP: 19/19 MP: 0/0
   146 | D:1      | Reached XP level 2. HP: 13/26 MP: 1/1
   167 | D:1      | Reached skill level 3 in Axes
   282 | D:1      | Reached XP level 3. HP: 26/31 MP: 2/2
   457 | D:1      | Reached ** piety under Trog
   769 | D:2      | Reached XP level 4. HP: 18/38 MP: 3/3
  1181 | D:2      | Found a glowing silver altar of Zin.
  1491 | D:2      | Found a hazy altar of Hepliaklqana.
  1651 | D:2      | Reached XP level 5. HP: 46/46 MP: 4/4
  1926 | D:3      | Reached skill level 4 in Axes
  2153 | D:3      | Reached *** piety under Trog
  2175 | D:3      | Found a burning altar of Makhleb.
  2221 | D:3      | Found an opulent altar of Gozag.
  2225 | D:3      | Found a deep blue altar of Sif Muna.
  2298 | D:3      | Found a white marble altar of Elyvilon.
  2309 | D:3      | Reached XP level 6. HP: 52/52 MP: 5/5
  2656 | D:4      | Found a radiant altar of Vehumet.
  2723 | D:4      | Noticed a phantom
  2738 | D:4      | Killed a phantom
  2744 | D:4      | Noticed a phantom
  2764 | D:4      | Killed a phantom
  2764 | D:4      | Reached skill level 5 in Axes
  2764 | D:4      | Reached XP level 7. HP: 21/60 MP: 6/6
  2888 | D:4      | Slain by an ogre

Vault maps used:
D:1:      eino_arrival_tree_alley, serial_bayou_pond_e, minmay_cupped
D:2:      lemuel_round_altar, lemuel_doored_altar, first_bread,
          minmay_joined_circles
D:3:      nicolae_overflow_hidden_temple, elyvilon_altar_5, old_standard_altar,
          grunt_temple_overflow_open
D:4:      minmay_wonky_spiral, vehumet_altar_wand_db,
          kennysheep_generic_room_14, uniq_purgy

Skill      XL: |  1  2  3  4  5  6 |
---------------+-------------------+-----
Dodging        | 2 3 |  3.3
Axes           | 3 4 5 |  5.0
Armour         | 2 3 |  3.1
Fighting       | 4 |  4.6

Action                   |  1- 3 |  4- 6 |  7- 9 || total
-------------------------+-------+-------+-------++-------
Melee: Hand axe          |   117 |   236 |     5 ||   358
Throw: Javelin           |       |    13 |     2 ||    15
Invok: Trog's Hand       |     1 |       |       ||     1
  Use: Scroll            |     7 |     8 |       ||    15
       Potion            |       |     1 |       ||     1
  Eat: Chunk             |    21 |    61 |       ||    82
Armor: Animal skin       |     9 |       |       ||     9
       Leather armour    |    22 |    36 |       ||    58
Dodge: Dodged            |    70 |   143 |     1 ||   214
